 Dungeon Crawl Stone Soup version 0.28.0-43-g3370ac3207 (webtiles) character file.

Game seed: 6806350715026906271

74 diana the Insei (level 4, -6/29 HPs)
             Began as an Octopode Transmuter on Mar 20, 2022.
             Killed by divine providence
             ... invoked by an orc priest
              (13 damage)
             ... on level 3 of the Dungeon.
             The game lasted 00:02:36 (3055 turns).

diana the Insei (Octopode Transmuter)               Turns: 3055, Time: 00:02:37

Health: -6/29      AC:  1    Str:  9    XL:     4   Next: 30%
Magic:  7/7        EV: 13    Int: 17    God:
Gold:   69         SH:  0    Dex: 12    Spells: 6/7 levels left

rFire   . . .      SeeInvis .     - Unarmed
rCold   . . .      Faith    .   (no shield)
rNeg    . . .      Spirit   .   (helmet restricted)
rPois   .          Reflect  .   (no amulet)
rElec   .          Harm     .   (no ring)
rCorr   .          Rampage  .   (no ring)
Will    .....                   (no ring)
Stlth   +++.......              (no ring)
HPRegen 0.09/turn               (no ring)
MPRegen 0.10/turn               (no ring)
                                (no ring)
                                (no ring)

@: no status effects
A: almost no armour, amphibious, 8 rings, camouflage 1, gelatinous body 1,
(nimble swimmer 1), tentacles
a: no special abilities


You were on level 3 of the Dungeon.
You visited 1 branch of the dungeon, and saw 3 of its levels.

You collected 69 gold pieces.

Inventory:

Scrolls
 a - a scroll of brand weapon {unknown}
 b - 2 scrolls of fog {unknown}
 c - a scroll of vulnerability {unknown}
 e - a scroll of identify {unknown}
 f - a scroll of immolation {unknown}
 g - a scroll of silence {unknown}
 h - a scroll of fear {unknown}
Potions
 d - 2 potions of flight {unknown}


   Skills:
 + Level 1.7 Fighting
 + Level 2.5 Dodging
 - Level 1.0 Stealth
 + Level 4.0 Unarmed Combat
 - Level 2.0 Spellcasting
 + Level 2.4 Transmutations


You had 6 spell levels left.
You knew the following spells:

 Your Spells              Type           Power      Damage    Failure   Level
a - Beastly Appendage     Tmut           18%        N/A       8%          1

Your spell library contained the following spells:

 Spells                   Type           Power      Damage    Failure   Level
 Wereblood                Tmut           9%         N/A       11%         2
 Spider Form              Tmut/Pois      5%         N/A       34%         3
 Ice Form                 Ice/Tmut       5%         N/A       75%         4


Dungeon Overview and Level Annotations

Branches:
Dungeon (3/15)

Altars:


Innate Abilities, Weirdness & Mutations

You cannot wear most types of armour.
You are amphibious.
You can wear up to eight rings at the same time.
Your skin changes colour to match your surroundings (Stealth+).
Your rubbery body absorbs attacks. (AC +1, EV +1)
((You are camouflaged when in or above water. (Stealth+)))
You have tentacles for arms and can constrict up to eight enemies at once.


Message History

There is a stone staircase leading up here.
A ball python comes into view.
An endoplasm comes into view.
There are monsters nearby!
There are monsters nearby!
An orc priest comes into view. It is wielding a +4 whip.
Found a short sword.
An orc comes into view. It is wielding a +0 dagger.
A bat and a dart slug come into view.
An orc comes into view. It is wielding a +0 whip.
The orc shouts! x2
An orc wizard comes into view. It is wielding a +0 dagger.
The orc priest shouts!
The endoplasm quivers.
A bat comes into view.
The bat barely misses you.
The bat moves out of view.
You tentacle-slap the orc but do no damage.
Your grab misses the orc. You squeeze the orc!
You kill the orc!
The bat closely misses you. The ball python barely misses you. x2
The dart slug launches a dart at you. The slug dart hits you.
You barely miss the ball python. You grab the ball python.
You constrict the ball python. The bat hits you.
The orc priest calls down the wrath of Beogh upon you.
Beogh smites you! The ball python closely misses you.
The ball python barely misses you.
You are too injured to fight recklessly!
You are too injured to fight recklessly!
You release your grip on the ball python.
The bat misses you. The bat barely misses you. The bat barely misses you.
The endoplasm freezes you.
You are frozen.
* * * LOW HITPOINT WARNING * * *
The bat barely misses you. The bat hits you.
* * * LOW HITPOINT WARNING * * *
The orc priest calls down the wrath of Beogh upon you.
Beogh smites you!
You die...

#.# #....... ..) #.....
#.###..w. .....o### #####
#.)o...# ....# #...o..#
....# #...S..# ....#
#...bbJ####.. ....#
#.?..@....... ....#
#.......###.# ....#
#.........# ....#
#.......#.# ....#
#####+#.#.# ....# #.....#
############ #...###
...........# #...<########
#..#.#####.#+###............


You could see an orc priest, an orc wizard, an orc, an endoplasm, 2 bats and a
ball python.

Vanquished Creatures
  A gnoll (D:1)
  3 dart slugs
  2 orcs
  7 bats
  3 endoplasms
  2 giant cockroaches
  5 hobgoblins
  6 jackals
  4 kobolds (D:2)
  5 ball pythons
  A frilled lizard (D:1)
  6 goblins
  6 rats
51 creatures vanquished.

Notes
Turn   | Place    | Note
-------+----------+-------------------------------------------
     0 | D:1      | diana the Octopode Transmuter began the quest for the Orb.
     0 | D:1      | Reached XP level 1. HP: 13/13 MP: 3/3
   429 | D:1      | Reached XP level 2. HP: 14/18 MP: 5/5
   677 | D:1      | Reached skill level 1 in Stealth
   677 | D:1      | Reached XP level 3. HP: 2/23 MP: 6/6
  1847 | D:2      | Found a faded altar of an unknown god.
  1852 | D:2      | Reached skill level 4 in Unarmed Combat
  2409 | D:2      | Reached XP level 4. HP: 28/28 MP: 7/7
  3055 | D:3      | Killed from afar by an orc priest

Illustrated notes

Levels and vault maps discovered:
D:1:      elethiomel_arrival_infinity_welcomes_careful_drivers,
          layout_loops_ring
D:2:      layout_basic, hellmonk_ecumenical_altar_arch_garden, st_stairs_5
D:3:      layout_basic, minmay_door_square, minmay_misc_feat_diagonals

Skill      XL: |  1  2  3 |
---------------+----------+-----
Stealth        | 1 |  1.0
Unarmed Combat | 4 |  4.0
Fighting       | |  1.7
Dodging        | |  2.5
Spellcasting   | |  2.0
Transmutations | |  2.4

Action                   |  1- 3 |  4- 6 || total
-------------------------+-------+-------++-------
Melee: Unarmed           |    95 |    25 ||   120
       Constrict         |    25 |     8 ||    33
       Tentacles         |    14 |     5 ||    19
       Punch             |     4 |       ||     4
 Stab: Sleeping          |    10 |     2 ||    12
Armor: Skin              |    10 |     3 ||    13
Dodge: Dodged            |    57 |    22 ||    79
